 Dungeon Crawl Stone Soup version 0.31-a0-202-g547052bce9 (webtiles) character file.

Game seed: 15052392095063192428

152 qw the Skirmisher (level 5, -5/29 HPs)
             Began as a Deep Elf Hunter on June 26, 2023.
             Killed by nerve-wracking pain
             ... invoked by an orc priest
              (14 damage)
             ... on level 4 of the Dungeon.
             The game lasted 00:00:51 (2272 turns).

qw the Skirmisher (Deep Elf Hunter)                 Turns: 2272, Time: 00:00:52

Health: -5/29      AC:  6    Str: 10    XL:     5   Next: 11%
Magic:  7/7        EV: 11    Int: 14    God:
Gold:   174        SH:  0    Dex: 18    Spells: 4/4 levels left

rFire   . . .        Y - +0 shortbow (drain)
rCold   . . .        (shield currently unavailable)
rNeg    . . .        e - +0 ring mail
rPois   .            (no helmet)
rElec   .            (no cloak)
rCorr   .            (no gloves)
SInv    .            h - +0 pair of boots
Will    .....        (no amulet)
Stlth   +            (no ring)
HPRegen 0.24/turn    (no ring)
MPRegen 0.10/turn

%: no passive effects
@: no status effects
A: no striking features
a: no special abilities


You were on level 4 of the Dungeon.
You visited 1 branch of the dungeon, and saw 4 of its levels.

You collected 174 gold pieces.


   Skills:
 - Level 1.5 Fighting
 + Level 8.5 Ranged Weapons
 - Level 2.4 Dodging
 - Level 1.2 Stealth


You had 4 spell levels left.
You didn't know any spells.
Your spell library was empty.

Inventory:

Hand Weapons
 Y - a +0 shortbow of draining (weapon)
Armour
 e - a +0 ring mail (worn)
 h - a +0 pair of boots (worn)
Scrolls
 a - a scroll of identify
Potions
 f - a potion of enlightenment {unknown}
 g - a potion of mutation {unknown}

Dungeon Overview and Level Annotations

Branches:
Dungeon (4/15)
 Temple: D:4-7

Altars:

Shops:
D:3 :


Message History

The hobgoblin hits you but does no damage.
The goblin barely misses you. The goblin closely misses you.
The goblin hits you but does no damage.
You shoot an arrow. The arrow hits the hobgoblin!
You kill the hobgoblin!
The goblin misses you.
The goblin hits you but does no damage. x2
The goblin barely misses you.
You shoot an arrow. The arrow barely misses the goblin.
The goblin closely misses you. The goblin hits you but does no damage.
The goblin hits you with a +0 club. The goblin barely misses you.
You shoot an arrow. The arrow barely misses the goblin.
The goblin closely misses you. The goblin hits you with a +0 dagger.
The goblin barely misses you. The goblin closely misses you.
You shoot an arrow.
The arrow hits the goblin but does no damage.
You drain the goblin.
The goblin is severely wounded.
The goblin closely misses you. x2; The goblin barely misses you. x2
The goblin hits you but does no damage. The goblin closely misses you.
The goblin misses you. The goblin hits you with a +0 dagger.
You shoot an arrow. The arrow hits the goblin.
You kill the goblin!
The goblin hits you but does no damage. x3
You shoot an arrow. The arrow hits the goblin.
You drain the goblin.
You kill the goblin!
The goblin hits you with a +0 club. The goblin closely misses you.
You shoot an arrow. The arrow hits the goblin.
You kill the goblin!
The goblin misses you.
You shoot an arrow. The arrow hits the goblin!
You kill the goblin!
You shoot an arrow. The arrow hits the orc priest.
You drain the orc priest.
The orc priest is moderately wounded.
You start resting.
An orc priest is nearby!
You shoot an arrow. The arrow hits the orc priest.
The orc priest is heavily wounded.
The orc priest invokes the aid of Beogh against you.
Pain shoots through your body!
You die...

##.##. ..!..
##...# ####....#
....... #...!
..#####))# .#
.......)@#)..#)
.......<)..o...#
..#..........#.#
.......##.####
#...... .#
#.....# .#
#..#.. .. ...#..
.. .# #..


You could see an orc priest (very drained).

Vanquished Creatures
  Natasha (twice) (D:3)
  An adder (D:3)
  2 worms
  2 dart slugs
  An orc (D:3)
  4 endoplasms
  2 giant cockroaches
  19 goblins
  10 hobgoblins
  3 quokkas (D:3)
  6 ball pythons
  7 bats
  3 frilled lizards (D:2)
  9 kobolds
  7 rats
78 creatures vanquished.

Notes
Turn   | Place    | Note
-------+----------+-------------------------------------------
     0 | D:1      | qw the Deep Elf Hunter began the quest for the Orb.
     0 | D:1      | Reached XP level 1. HP: 12/12 MP: 3/3
     0 | D:1      | 0 ||| qw: Version: 0.3-a-22-g0ed2b0b
     0 | D:1      | 0 ||| qw: Game counter: 6306
     0 | D:1      | 0 ||| qw: Melee chars always use a shield: true
     0 | D:1      | 0 ||| qw: God list: Okawaru
     0 | D:1      | 0 ||| qw: Allow faded altars: false
     0 | D:1      | 0 ||| qw: Do Orc after clearing Dungeon:15 true
     0 | D:1      | 0 ||| qw: Do second Lair branch before Depths: true
     0 | D:1      | 0 ||| qw: Lair rune preference: random
     0 | D:1      | 0 ||| qw: Goals: Normal
     0 | D:1      | 0 ||| PLANNING D:1-11
   122 | D:1      | 122 ||| DROPPING +2 sling of electrocution.
   164 | D:1      | Reached skill level 6 in Ranged Weapons
   164 | D:1      | Reached XP level 2. HP: 16/16 MP: 4/4
   469 | D:1      | Reached XP level 3. HP: 20/20 MP: 5/5
   704 | D:1      | 704 ||| UPGRADING to +0 pair of boots.
   709 | D:1      | 709 ||| READING 2 scrolls labelled VUNU HIKHLIPN.
   710 | D:1      | 710 ||| READING scroll labelled XOAQIVV POLICI.
   711 | D:1      | 711 ||| READING scroll labelled TIELOICONE.
   712 | D:1      | 712 ||| DROPPING scroll of butterflies.
   906 | D:2      | Reached skill level 7 in Ranged Weapons
  1487 | D:2      | 1487 ||| READING scroll labelled IHEADO WACENI.
  1579 | D:3      | 1579 ||| Stepping ~*~*~tactically~*~*~ (outnumbered).
  1594 | D:3      | Noticed Natasha
  1598 | D:3      | Killed Natasha
  1599 | D:3      | Reached XP level 4. HP: 25/25 MP: 6/6
  1863 | D:3      | Noticed Natasha
  1870 | D:3      | HP: 6/25 [cerulean imp/+2 spear[Natasha] (2)]
  1872 | D:3      | Killed Natasha
  1873 | D:3      | Reached skill level 8 in Ranged Weapons
  2003 | D:3      | Reached XP level 5. HP: 29/29 MP: 7/7
  2012 | D:3      | Found Jijes's Book Shop.
  2205 | D:3      | 2205 ||| UPGRADING to +0 ring mail.
  2215 | D:3      | 2215 ||| DROPPING +0 leather armour.
  2216 | D:3      | 2216 ||| READING 3 scrolls of identify.
  2216 | D:3      | 2216 ||| IDENTIFYING golden potion
  2217 | D:3      | 2217 ||| READING 2 scrolls of identify.
  2217 | D:3      | 2217 ||| IDENTIFYING fizzy purple potion
  2218 | D:3      | 2218 ||| DROPPING potion of attraction.
  2259 | D:4      | HP: 6/29 [hobgoblin[Robin] (2)]
  2260 | D:4      | 2260 ||| DRINKING potion of heal wounds.
  2272 | D:4      | Killed from afar by an orc priest

Levels and vault maps discovered:
D:1:      doesnt_arrival_eight_statues, layout_loops_cross, st_stairs_11,
          minmay_hedge_maze, minmay_rat_gold_closets
D:2:      layout_loops_corners
D:3:      layout_basic, serial_shops, nicolae_shop_competitors_out_of_business,
          uniq_natasha
D:4:      layout_basic, nicolae_zen_rock_garden, uniq_edmund, uniq_robin

Skill      XL: |  1  2  3  4 |
---------------+-------------+-----
Ranged Weapons | 6 7 8 |  8.5
Fighting       | |  1.5
Dodging        | |  2.4
Stealth        | |  1.2

Action                     |  1- 3 |  4- 6 || total
---------------------------+-------+-------++-------
   Fire: Shortbow          |   122 |    69 ||   191
    Use: Scroll            |     4 |     2 ||     6
         Potion            |       |     1 ||     1
 Armour: Leather armour    |     5 |     7 ||    12
         Ring mail         |       |    19 ||    19
  Dodge: Dodged            |    17 |    40 ||    57

Table legend:
 A = Non-vault XP
 B = Vault XP
 C = Vault XP percentage of total XP
 D = Non-vault monster count
 E = Vault monster count
 F = Vault count percentage of total count
                 A         B        C        D         E       F
            +---------+---------+-------+---------+---------+-------
      Total |     152 |      66 |  30.3 |      57 |      21 |  26.9
            +---------+---------+-------+---------+---------+-------
        D:1 |      43 |      13 |  23.2 |      26 |      10 |  27.8
        D:2 |      24 |       0 |   0.0 |      13 |       0 |   0.0
        D:3 |      83 |      35 |  29.7 |      17 |       1 |   5.6
        D:4 |       2 |      18 |  90.0 |       1 |      10 |  90.9
            +---------+---------+-------+---------+---------+-------
